Map: Ulrena

Players

WildCatBrown

  • Race: Protoss Protoss
  • League: Gold

Bubsy - Winner!

  • Race: Protoss Protoss
  • League: Silver

VOD

Have the link to the VOD?

Description

Time

  • Played on: Jan. 17, 2016, 3:07 p.m.
  • Length: 9:44
Show
View Real Time Build Order
Export as new Build Order

WildCatBrown Protoss 

Build Orders: 1 Gate Expand 

Get SALT Encoding   

  12  0:01  Probe (Chrono Boost)  
  13  0:11  Probe (Chrono Boost)  
  14  0:20  Pylon  
  14  0:22  Probe (Chrono Boost)  
  15  0:30  Assimilator  
  15  0:38  Probe (Chrono Boost)  
  16  0:45  Gateway  
  16  0:49  Probe (Chrono Boost)  
  17  0:59  Probe (Chrono Boost)  
  18  1:10  Probe (Chrono Boost)  
  19  1:22  Probe (Chrono Boost)  
  19  1:24  Nexus  
  20  1:32  Probe (Chrono Boost)  
  21  1:41  Cybernetics Core  
  21  1:43  Probe (Chrono Boost)  
  22  1:53  Probe (Chrono Boost)  
  23  2:01  Pylon  
  23  2:16  Assimilator  
  23  2:18  Pylon  
  23  2:19  Probe (Chrono Boost)  
  23  2:20  Pylon  
  24  2:29  Probe (Chrono Boost)  
  25  2:38  Probe (Chrono Boost)  
  25  2:40  Probe (Chrono Boost)  
  25  2:41  Warp Gate (Chrono Boost)  
  27  2:51  Probe (Chrono Boost)  
  27  2:55  Adept  
  29  3:06  Gateway, Probe (Chrono Boost)  
  29  3:07  Mothership Core (Chrono Boost)  
  29  3:08  Gateway  
  29  3:11  Gateway  
  33  3:50  Adept (Chrono Boost)  
  35  3:57  Pylon  
  35  3:59  Stalker x2 (Chrono Boost)  
  35  4:00  Pylon  
  39  4:06  Stalker (Chrono Boost)  
  41  4:19  Stalker (Chrono Boost)  
  39  4:30  Stalker x2 (Chrono Boost)  
  41  4:36  Stalker (Chrono Boost)  
  39  4:49  Stalker (Chrono Boost)  
  41  5:00  Stalker x2 (Chrono Boost)  
  36  5:38  Adept x3  
  38  5:56  Stalker  
  34  6:05  Stalker x3  
  36  6:20  Stalker  
  32  6:37  Stalker x2  
  32  6:38  Mothership Core  
  31  6:52  Stalker  
  18  7:17  Nexus  
  18  7:20  Pylon  
  13  7:24  Pylon  
  13  7:26  Assimilator  
  13  7:28  Assimilator  
  5  8:32  Gateway  
  5  8:43  Pylon  
  5  8:45  Probe  
  6  9:01  Probe  
  7  9:14  Probe  
  8  9:36  Stalker  
Show
View Real Time Build Order
Export as new Build Order

Bubsy Protoss - Winner!

Build Orders:  

Get SALT Encoding   

  12  0:01  Probe (Chrono Boost)  
  13  0:11  Probe (Chrono Boost)  
  14  0:19  Pylon  
  14  0:22  Probe (Chrono Boost)  
  15  0:38  Gateway  
  15  0:39  Probe (Chrono Boost)  
  16  0:49  Probe (Chrono Boost)  
  17  0:50  Assimilator  
  17  1:00  Probe (Chrono Boost)  
  18  1:05  Pylon  
  18  1:10  Probe (Chrono Boost)  
  19  1:17  Assimilator  
  19  1:21  Probe (Chrono Boost)  
  20  1:27  Cybernetics Core  
  20  1:29  Zealot  
  22  1:40  Gateway  
  22  1:42  Probe (Chrono Boost)  
  23  1:52  Probe (Chrono Boost)  
  24  2:04  Pylon  
  24  2:06  Gateway  
  24  2:15  Stalker  
  24  2:22  Gateway  
  26  2:31  Stalker  
  28  2:38  Mothership Core (Chrono Boost)  
  30  2:45  Pylon  
  30  3:00  Stalker  
  30  3:01  Stalker  
  34  3:10  Stalker  
  36  3:25  Stalker  
  38  3:45  Stalker x3  
  44  3:55  Stalker  
  44  4:01  Pylon  
  40  4:34  Stalker  
  40  4:35  Stalker x2  
  42  4:47  Mothership Core (Chrono Boost)  
  44  5:03  Stalker  
  44  5:04  Stalker  
  44  5:13  Stalker  
  44  5:14  Stalker  
  46  5:40  Stalker x2  
  37  6:07  Stalker x2  
  33  6:21  Mothership Core (Chrono Boost)  
  27  6:35  Stalker  
  30  7:26  Stalker  
Tags
 
Matchup
PvP
Add a new tag
Caveats
  • Supply blocks, unpowered buildings, or Contaminate may cause inaccurate times.
  • Supply counts are checked every 10 seconds.